cohdb
Replays
Latest Replays
All Replays
Popular Replays
Top Player Replays
Match Explorer
How It Works
Community
CoH3 Stats
Reddit
Sign in to upload your games and track your stats! →
Sign in with Steam
Match 43761872
Unlisted
Match 43761872
Overview
Messages
Build Orders
End
Construct Infanterie Kompanie
Pioneer Squad
MG 42 Machine Gun Team
Selects Mechanized Battlegroup
MG 42 Machine Gun Team
Grenadier Squad
GrW 34 Mortar Team
Construct Luftwaffe Kompanie
221 Scout Car
Jäger Squad
Selects Mobile Repair Stations
Jäger Squad
Jäger Squad
Support Elements
Pioneer Squad
Wirbelwind Flakpanzer
Side Skirts
Selects Wespe Self-propelled Artillery
Marder III M Tank Destroyer
Marder III M Tank Destroyer
Selects Raid Package
Selects 8 Rad Armored Car
Luftwaffe Officer Quarters
Marder III M Tank Destroyer
Wespe Self-propelled Artillery
Selects Panther Heavy Tank
Panther Heavy Tank
Jäger Squad
Selects Mechanized Assault
Panther Heavy Tank
Pioneer Squad
Gwangju's Hero Chun Doo-gwang
freedman1984
Seven
mi prima de Cifuentes
King_Bird
Yikers
粉色上瘾
许聪聪
0
0
Comments
sign in to comment!
No comments posted yet!